 Seeded DCSS version 0.29-a0-617-g7a6b98fccd (webtiles) character file.

Game seed: 1048704708156254408 (custom seed)

4550 Patoropollo the Carver (level 10, -2/90 HPs)
             Began as a Minotaur Fighter on June 17, 2022.
             Was a Believer of Zin.
             Slain by a vampire (12 damage)
             ... on level 8 of the Dungeon.
             The game lasted 00:16:24 (7664 turns).

Patoropollo the Carver (Minotaur Fighter)           Turns: 7664, Time: 00:16:25

Health: -2/90      AC: 15    Str: 20 (21) XL:     10   Next: 17%
Magic:  9/9        EV:  6    Int:  2 (5)  God:    Zin [**....]
Gold:   439        SH:  6    Dex: 12 (14) Spells: 9/9 levels left

rFire   + + .      SeeInvis +   n - +2 scimitar (flame)
rCold   + . .      Faith    .   c - +0 buckler
rNeg    . . .      Spirit   .   i - +0 plate armour
rPois   +          Reflect  .   (helmet restricted)
rElec   +          Harm     +   w - scarf {harm}
rCorr   +          Rampage  .   (no gloves)
Will    .....      Clarity  +   u - +0 pair of boots
Stlth   ..........              (no amulet)
HPRegen 0.25/turn               h - ring of see invisible
MPRegen 0.11/turn               j - ring of protection from fire

@: resistant, on berserk cooldown, flying, slowed, very slow
A: horns 2, retaliatory headbutt, clarity
a: Renounce Religion, Recite, Vitalisation, Donate Gold


You were on level 8 of the Dungeon.
You worshipped Zin.
Zin was pleased with you.
You visited 2 branches of the dungeon, and saw 9 of its levels.
You also visited: Sewer.

You collected 487 gold pieces.
You donated 48 gold pieces to Zin.

Inventory:

Hand Weapons
 n - a +2 scimitar of flaming (weapon)
Armour
 c - a +0 buckler (worn)
 i - a +0 plate armour (worn)
 u - a +0 pair of boots (worn)
 w - a scarf of harm (worn)
Jewellery
 e - an amulet of magic regeneration
 h - a ring of see invisible (left hand)
 j - a ring of protection from fire (right hand)
Wands
 k - a wand of digging (12)
 t - a wand of flame (21)
Scrolls
 a - 2 scrolls of amnesia
Potions
 d - 2 potions of cancellation
 f - 5 potions of curing
 l - 2 potions of magic
 o - 3 potions of lignification
 p - a potion of mutation
 q - a potion of invisibility


   Skills:
 - Level 8.6 Fighting
 + Level 11.9 Long Blades
 - Level 8.7 Armour
 - Level 8.6 Shields


You had 9 spell levels left.
You didn't know any spells.
Your spell library contained the following spells:

 Spells                   Type           Power      Damage    Failure   Level
 Magic Dart               Conj           0%         1d3       100%        1
 Sting                    Tmut/Pois      0%         1d3       100%        1
 Blink                    Tloc           0%         N/A       100%        2
 Call Imp                 Summ           0%         N/A       100%        2
 Poisonous Vapours        Pois/Air       0%         N/A       100%        2
 Lesser Beckoning         Tloc           0%         N/A       100%        3
 Mephitic Cloud           Conj/Pois/Air  0%         N/A       100%        3
 Olgreb's Toxic Radiance  Pois           0%         N/A       100%        4
 Manifold Assault         Tloc           0%         N/A       100%        5


Dungeon Overview and Level Annotations

Branches:
Dungeon (8/15)             Temple (1/1) D:6            Lair (0/6) D:8
  Sewer (visited)

Altars:
Ashenzari
Cheibriados
Dithmenos
Elyvilon
Fedhas
Gozag
Hepliaklqana
Kikubaaqudgha
Makhleb
Nemelex Xobeh
Okawaru
Qazlal
Ru
Uskayaw
Vehumet
Xom
Yredelemnul
Zin
The Shining One
Lugonu

Shops:
D:5 :   D:6 :

Annotations:
D:6 2 transporters, Hubjo's ghost, novice DsTm
D:7 2 transporters, exclusion: oklob plant, DocClef's ghost, novice DrDe


Innate Abilities, Weirdness & Mutations

You have a pair of horns on your head.
You reflexively headbutt those who attack you in melee.
You possess an exceptional clarity of mind.


Message History

* * * LOW HITPOINT WARNING * * *
It was a potion of flight.
You feel very buoyant.
You fly up into the air.
You block the yak's attack. The yak barely misses you.
It was a potion of resistance.
You feel protected. You block the yak's attack.
It was a potion of mutation.
You feel extremely strange.
Your thoughts seem clearer.
Zin protects your body from mutation!
Zin forgives your inadvertent chaotic act, just this once.
The yak gores you.
* * * LOW HITPOINT WARNING * * *
The yak gores you but does no damage.
You slash the yak! You burn the yak.
You kill the yak!
You slash the yak! You burn the yak!
The yak is severely wounded.
The yak gores you.
* * * LOW HITPOINT WARNING * * *
You slash the yak! You burn the yak.
You kill the yak!
The vampire casts a spell at you. You resist with some effort.
You hit the vampire but do no damage.
The vampire hits you but does no damage.
The vampire bites you but does no damage.
You hit the vampire but do no damage. You headbutt the vampire.
The vampire is lightly damaged.
You block the vampire's attack. x2
You barely miss the vampire.
The vampire is lightly damaged.
The vampire barely misses you. The vampire bites you.
* * * LOW HITPOINT WARNING * * *
The vampire draws strength from your injuries!
You hit the vampire but do no damage. Your headbutt misses the vampire.
The vampire hits you!
* * * LOW HITPOINT WARNING * * *
The vampire bites you!
You die...

,,,,,,,,,,,,,** #.#
,,,,,,,,,,,,,,* ##.#
,,,,,,,,,P,,,,* ##...
,,,,,,,,,.P,,,* #####.#.#
,,,,,,,,,..P,,* #.......#
,,,,,,,,,....,* #.###.###
,,,,,,,,,.P...** #.# ##.#.
,,,,.P>P...P.YO###### #>#
##.# ,,,,...P[....DYV@...#
#.# ###
,,,,.PP....P.Yh####.# #.#
,,,,..P..P....,* #.# #.#
,,,,P.sP.....#** #.#####.#
,,,,PPPV.....# #.......#
,,,,P...[.(..# ###..######
,,,,PPPP...[.# ##..⌠.#
*,,,....P...## #..8..# ###
*,,,P..P..P.#####..⌠####.##


You could see a two-headed ogre, 3 yaks, a vampire (invisible), a steam dragon
and a black bear.

Vanquished Creatures
  Grinder (D:3)
  Sigmund (D:6)
  2 vampire mosquitoes (D:8)
  6 yaks (D:8)
  A steam dragon (D:7)
  An acid dragon (D:8)
  2 water moccasins
  A sky beast (D:7)
  2 orc warriors
  An ice beast (D:5)
  The ghost of chronatog the Vexing, an amateur GnAM (D:3)
  A kobold brigand (D:6)
  7 bullfrogs
  A necrophage (D:7)
  A gnoll sergeant (D:7)
  9 scorpions
  A wight (D:8)
  5 killer bees (D:7)
  A howler monkey (D:4)
  5 hounds
  2 jellies
  An orc priest (D:6)
  An iguana (D:4)
  Terence (D:3)
  Natasha (thrice) (D:4)
  4 orc wizards
  4 gnolls (D:7)
  8 adders
  A shadow imp (D:5)
  4 white imps
  2 ufetubi
  2 worms
  4 dart slugs
  22 orcs
  11 endoplasms
  4 giant cockroaches
  3 goblins
  9 hobgoblins
  2 jackals (D:2)
  9 kobolds
  6 quokkas
  8 ball pythons
  5 bats
  3 frilled lizards
  4 rats
173 creatures vanquished.

Vanquished Creatures (others)
  44 fungi (D:8)
  48 plants (D:8)
92 creatures vanquished.

Grand Total: 265 creatures vanquished

Notes
Turn   | Place    | Note
-------+----------+-------------------------------------------
     0 | D:1      | Patoropollo the Minotaur Fighter began the quest for the
                  | Orb.
     0 | D:1      | Reached XP level 1. HP: 19/19 MP: 0/0
   337 | D:1      | Reached XP level 2. HP: 22/27 MP: 1/1
   998 | D:2      | Found a glowing golden altar of the Shining One.
  1048 | D:2      | Reached skill level 3 in Long Blades
  1056 | D:2      | Reached XP level 3. HP: 32/33 MP: 2/2
  1512 | D:3      | Found a basalt altar of Yredelemnul.
  1525 | D:3      | Found a shimmering altar of Xom.
  1626 | D:3      | Reached XP level 4. HP: 35/41 MP: 3/3
  1712 | D:3      | Noticed Grinder
  1725 | D:3      | Paralysed by Grinder for 2 turns
  1736 | D:3      | Killed Grinder
  1737 | D:3      | Reached skill level 5 in Fighting
  1737 | D:3      | Reached skill level 4 in Long Blades
  1737 | D:3      | Reached skill level 5 in Armour
  1737 | D:3      | Reached skill level 5 in Shields
  1737 | D:3      | Reached XP level 5. HP: 17/48 MP: 4/4
  1737 | D:3      | Reached XP level 6. HP: 20/56 MP: 5/5
  2249 | D:3      | Found a runed translucent gate.
  2249 | D:3      | Found a runed translucent gate.
  2249 | D:3      | Found an opulent altar of Gozag.
  2249 | D:3      | Found a runed translucent gate.
  2250 | D:3      | Noticed chronatog's ghost (amateur GnAM)
  2356 | D:3      | Noticed Terence
  2370 | D:3      | Killed Terence
  2522 | D:3      | Found a faded altar of an unknown god.
  2636 | D:3      | Killed chronatog's ghost
  2932 | D:4      | Reached skill level 5 in Long Blades
  2932 | D:4      | Reached XP level 7. HP: 45/62 MP: 6/6
  3234 | D:4      | Noticed Natasha
  3246 | D:4      | Killed Natasha
  3665 | D:4      | Noticed Natasha
  3670 | D:4      | Killed Natasha
  3842 | D:4      | Noticed Natasha
  3847 | D:4      | Killed Natasha
  3865 | D:5      | Entered Level 5 of the Dungeon
  4391 | D:5      | Found a blossoming altar of Fedhas.
  4429 | D:5      | Found Zamena's Self-Improvement Boutique.
  4444 | D:5      | Reached XP level 8. HP: 71/71 MP: 7/7
  4725 | D:6      | Noticed Hubjo's ghost (novice DsTm)
  4741 | D:6      | Found a transporter.
  4749 | D:6      | Found a transporter.
  4788 | D:6      | Noticed Sigmund
  4802 | D:6      | Killed Sigmund
  4803 | D:6      | Reached skill level 6 in Long Blades
  4864 | D:6      | Found Haokhli's Book Emporium.
  4983 | D:6      | Found a glowing drain.
  5003 | Sewer    | Entered a sewer
  5153 | D:6      | Reached skill level 7 in Long Blades
  5538 | D:6      | Found a hide-covered altar of Uskayaw.
  5613 | D:6      | Found a staircase to the Ecumenical Temple.
  5731 | Temple   | Entered the Ecumenical Temple
  5788 | Temple   | Became a worshipper of Zin the Law-Giver
  5788 | Temple   | Reached * piety under Zin
  5788 | Temple   | Reached ** piety under Zin
  5852 | D:7      | Reached XP level 9. HP: 33/81 MP: 8/8
  6265 | D:7      | Found a transporter.
  6309 | D:7      | Found an iron altar of Okawaru.
  6309 | D:7      | Found a sacrificial altar of Ru.
  6317 | D:7      | Found a shadowy altar of Dithmenos.
  6318 | D:7      | Found a broken altar of Ashenzari.
  6318 | D:7      | Found a snail-covered altar of Cheibriados.
  6318 | D:7      | Found an opulent altar of Gozag.
  6319 | D:7      | Found a burning altar of Makhleb.
  6381 | D:7      | Found a transporter.
  6384 | D:7      | Noticed an oklob plant
  6386 | D:7      | Noticed a seven-headed hydra
  6729 | D:7      | Noticed a red ugly thing
  6730 | D:7      | Noticed DocClef's ghost (novice DrDe)
  6800 | D:7      | Reached skill level 8 in Long Blades
  7231 | D:8      | Found a staircase to the Lair.
  7235 | D:8      | Reached skill level 9 in Long Blades
  7499 | D:8      | Reached skill level 10 in Long Blades
  7635 | D:8      | Noticed a two-headed ogre
  7647 | D:8      | Reached skill level 11 in Long Blades
  7647 | D:8      | Reached XP level 10. HP: 55/90 MP: 9/9
  7657 | D:8      | Gained mutation: You possess an exceptional clarity of
                  | mind. [potion of mutation]
  7664 | D:8      | Slain by a vampire

Illustrated notes

Levels and vault maps discovered:
D:1:      lightli_arrival_quake, layout_loops_corners, corexii_leaking_fountain,
          minmay_heptomino_d4
D:2:      layout_rooms, basic_altar, st_stairs_4
D:3:      layout_basic, mainiacjoe_overflow_catwalk_spiral, ebering_ghost_gozag,
          ebering_ecumenical_altar_petrified, uniq_grinder, uniq_terence
D:4:      minmay_bubble_buster, layout_loops_ring, kennysheep_potato,
          uniq_natasha
D:5:      layout_loops_cross, mainiacjoe_overflow_small_starburst,
          amcnicky_mini_pool_small, nicolae_shop_self_help
D:6:      layout_gridville, nicolae_uskayaw_dance_studio,
          minmay_temple_entry_enclosed_plants, gammafunk_ghost_arena,
          cheibrodos_sewer_entry_drain, serial_shops, shop, uniq_sigmund
D:7:      layout_loops_cross, nicolae_gozag_seed_capital,
          grunt_temple_overflow_open, nzn_ghost_randoct, serial_bayou_pond_c
D:8:      layout_loops_ring, nzn_overflow_gifts_of_might_and_magic,
          due_lair_maze_entry_diamond, serial_shops, nicolae_lakefront_shop,
          dreamdust_deal_with_the_devil, uniq_erica
Temple:   corrupted_temple

Skill      XL: |  1  2  3  4  5  6  7  8  9 |
---------------+----------------------------+-----
Shields        | 4 5 6 7 8 |  8.6
Fighting       | 4 5 6 7 8 |  8.6
Armour         | 4 5 6 8 |  8.7
Long Blades    | 3 4 5 7 11 | 11.9

Action                   |  1- 3 |  4- 6 |  7- 9 | 10-12 || total
-------------------------+-------+-------+-------+-------++-------
Melee: Long sword        |    57 |       |       |       ||    57
       Headbutt          |    10 |    13 |    54 |     4 ||    81
       Scimitar          |     6 |   107 |   341 |    14 ||   468
  Use: Scroll            |     6 |     2 |    10 |       ||    18
       Potion            |       |     2 |     2 |     4 ||     8
Armor: Scale mail        |     8 |       |       |       ||     8
       Plate armour      |    35 |    40 |   201 |     4 ||   280
       Skin              |       |    31 |       |       ||    31
Dodge: Dodged            |    21 |    27 |    81 |     3 ||   132
Block: Buckler           |    18 |    29 |   106 |     4 ||   157

Table legend: (Time is in decaauts)
 A = Elapsed time spent in this place.
 B = Non-inter-level travel time spent in this place.
 C = Inter-level travel time spent in this place.
 D = Time resting spent in this place.
 E = Time spent auto-exploring this place.
 F = Levels seen in this place.
 G = Mean time per level.
                   A        B        C        D        E       F      G
               +--------+--------+--------+--------+--------+-----+--------+
         Total |   7793 |   7417 |    376 |      0 |   5994 |  10 |  779.3 |
       Dungeon |   7580 |   7244 |    336 |      0 |   5854 |   8 |  947.5 |
        Temple |     71 |     31 |     40 |      0 |     23 |   1 |   71.0 |
         Sewer |    141 |    141 |      0 |      0 |    117 |   1 |  141.0 |
               +--------+--------+--------+--------+--------+-----+--------+

Top non-repeatable levels by time:
     D:3: 1315 daAuts
     D:7: 1304 daAuts
     D:6: 1161 daAuts
     D:4: 1136 daAuts
     D:1: 959 daAuts
     D:5: 856 daAuts
     D:2: 542 daAuts
     D:8: 303 daAuts
   Sewer: 141 daAuts
  Temple: 71 daAuts
